 Dungeon Crawl Stone Soup version 0.31-a0-1352-gc98d92de7d (webtiles) character file.

Game seed: 4224295928197126518

425720 Shym the Spry (level 24, 0/160 HPs)
             Began as a Kobold Enchanter on Dec 16, 2023.
             Was the Champion of Wu Jian.
             Engulfed by a shining eye (glowing shapeshifter)'s foul pestilence (8 damage)
             ... on level 4 of the Depths on Dec 22, 2023.
             The game lasted 07:50:56 (69713 turns).

Shym the Spry (Kobold Enchanter)                   Turns: 69713, Time: 07:51:02

Health: 0/160      AC: 29    Str: 14    XL:     24   Next: 96%
Magic:  15/38      EV: 38    Int: 16    God:    Wu Jian [******]
Gold:   4351       SH: 16    Dex: 34    Spells: 3/46 levels left

rFire   + . .        V - +9 quick blade (vamp)
rCold   + . .        D - +0 kite shield {AC+3}
rNeg    . . .        Q - +5 scale mail of Dogmatism {Regen+ Dex+5}
rPois   .            u - +2 helmet {SInv}
rElec   +            a - +2 cloak {Will+}
rCorr   +            K - +0 pair of gloves of the Griffon {rF+ Will+}
SInv    +            j - +2 pair of boots {Stlth+}
Will    ++++.        o - amulet "Anuluic" {Acrobat rElec rC+ Will+ rCorr}
Stlth   +++++++      Y - ring "Fetyitaj" {rElec EV+5 Dex+5}
HPRegen 1.26/turn    x - +6 ring of strength
MPRegen 0.26/turn

%: acrobat
@: lethally poisoned (0 -> -72), slowed, very slow
A: small, no large weapons, nightstalker 3
}: 2/15 runes: serpentine, barnacled
a: Renounce Religion, Wall Jump, Serpent's Lash, Heavenly Storm


You were on level 4 of the Depths.
You worshipped Wu Jian.
Wu Jian was exalted by your worship.
You visited 8 branches of the dungeon, and saw 40 of its levels.
You visited 1 bazaar.
You also visited: Trove, Ossuary, Bailey, Ice Cave and Wizlab.

You collected 6800 gold pieces.
You spent 2449 gold pieces at shops.

Inventory:

Hand Weapons
 q - a +9 rapier of draining
 V - a +9 vampiric quick blade (weapon)
Missiles
 A - 3 darts of dispersal
 E - 4 throwing nets (quivered)
Armour
 a - a +2 cloak of willpower (worn)
 j - a +2 pair of boots of stealth (worn)
 p - a scarf of resistance
 u - a +2 helmet of see invisible (worn)
 C - a scarf of repulsion
 D - a +0 kite shield of protection (worn)
 K - the +0 pair of gloves of the Griffon (worn) {rF+ Will+}
   (You found it on level 15 of the Dungeon)

   rF+:       It protects you from fire.
   Will+:     It increases your willpower.
 Q - the +5 scale mail of Dogmatism (worn) {Regen+ Dex+5}
   (You bought it in a shop on level 10 of the Dungeon)

   Dex+5:     It affects your dexterity (+5).
   Regen+:    It increases your rate of health regeneration.
 Z - a +0 pair of boots of flying
Jewellery
 o - the amulet "Anuluic" (around neck) {Acrobat rElec rC+ Will+ rCorr}
   (You found it in a treasure trove)

   [amulet of the acrobat]

   Acrobat:   It increases your evasion while moving and waiting.
   rC+:       It protects you from cold.
   rElec:     It insulates you from electricity.
   Will+:     It increases your willpower.
   rCorr:     It protects you from acid and corrosion.
 s - the ring "Qeifuck" {rElec rF+ rC+}
   (You bought it in a shop in a bazaar)

   [ring of protection from cold]

   rF+:       It protects you from fire.
   rC+:       It protects you from cold.
   rElec:     It insulates you from electricity.
 x - a +6 ring of strength (right hand)
 y - a +4 ring of slaying
 Y - the ring "Fetyitaj" (left hand) {rElec EV+5 Dex+5}
   (You found it in a wizard's laboratory)

   [ring of evasion]

   EV+5:      It affects your evasion (+5).
   Dex+5:     It affects your dexterity (+5).
   rElec:     It insulates you from electricity.
Wands
 i - a wand of flame (28)
 N - a wand of paralysis (43)
 O - a wand of roots (15)
 S - a wand of acid (27)
 T - a wand of digging (5)
 U - a wand of polymorph (16)
 X - a wand of mindburst (13)
Scrolls
 b - 12 scrolls of vulnerability
 d - 7 scrolls of fear
 f - 3 scrolls of silence
 g - a scroll of summoning
 l - 22 scrolls of teleportation
 n - 7 scrolls of blinking
 r - 9 scrolls of poison
 H - 2 scrolls of revelation
 M - 7 scrolls of immolation
 P - 6 scrolls of fog
 R - a scroll of torment
Potions
 c - 4 potions of invisibility
 e - 5 potions of cancellation
 h - 14 potions of haste
 k - 12 potions of enlightenment
 m - 5 potions of mutation
 t - 20 potions of curing
 w - a potion of berserk rage
 z - 6 potions of attraction
 B - 4 potions of resistance
 F - 9 potions of might
 G - 3 potions of heal wounds
 I - 6 potions of lignification
 J - 4 potions of ambrosia
 W - 7 potions of brilliance
Miscellaneous
 v - a phial of floods (inert)
 L - a box of beasts


   Skills:
 + Level 19.2 Fighting
 - Level 14.0 Short Blades
 - Level 12.0 Armour
 - Level 20.0 Dodging
 - Level 14.0 Stealth
 - Level 12.0 Shields
 + Level 11.9 Spellcasting
 - Level 3.0 Conjurations
 - Level 14.0 Hexes
 - Level 4.0 Ice Magic
 - Level 3.0 Air Magic
 - Level 2.0 Earth Magic
 - Level 16.0 Alchemy
 - Level 12.0 Evocations


You had 3 spell levels left.
You knew the following spells:

 Your Spells              Type           Power      Damage    Failure   Level
a - Alistair's Intoxicat  Alch           38%        N/A       1%          5
c - Confusing Touch       Hex            53%        N/A       1%          3
e - Ensorcelled Hibernat  Hex/Ice        76%        N/A       1%          2
f - Cause Fear            Hex            26%        N/A       1%          4
j - Jinxbite              Hex            100%       N/A       1%          2
m - Mephitic Cloud        Conj/Alch/Air  33%        N/A       7%          3
n - Eringya's Noxious Bo  Alch           28%        4d6       11%         6
o - Olgreb's Toxic Radia  Alch           57%        N/A       1%          4
p - Passwall              Alch/Erth      31%        N/A       1%          2
s - Slow                  Hex            100%       N/A       1%          1
t - Tukima's Dance        Hex            53%        N/A       1%          3
w - Fugue of the Fallen   Necr           9%         N/A       82%         3
y - Yara's Violent Unrav  Hex/Alch       27%        3d12      2%          5

Your spell library contained the following spells:

 Spells                   Type           Power      Damage    Failure   Level
 Sting                    Conj/Alch      100%       1d9       1%          1
 Mercury Vapours          Alch/Air       78%        N/A       1%          2
 Sigil of Binding         Hex            53%        N/A       1%          3
 Dazzling Flash           Conj/Hex       72%        N/A       4%          3
 Cigotuvi's Dreadful Rot  Necr/Alch/Air  58%        N/A       5%          2
 Freeze                   Ice            88%        1d9       10%         1
 Magic Dart               Conj           76%        1d6       14%         1
 Shock                    Conj/Air       76%        1d7       14%         1
 Frozen Ramparts          Ice            44%        1d7       28%         3
 Hailstorm                Conj/Ice       20%        3d7       34%         3
 Swiftness                Air            19%        N/A       38%         3
 Gell's Gravitas          Tloc           9%         N/A       82%         3
 Teleport Other           Tloc           9%         N/A       82%         3
 Vampiric Draining        Necr           9%         2d6       82%         3
 Leda's Liquefaction      Alch/Erth      19%        N/A       12%         4
 Petrify                  Alch/Erth      38%        N/A       12%         4
 Ignite Poison            Fire/Alch      35%        N/A       19%         4
 Sticky Flame             Fire/Alch      35%        2d7       19%         4
 Anguish                  Hex/Necr       15%        N/A       26%         4
 Irradiate                Conj/Alch      19%        3d18      26%         5
 Metabolic Englaciation   Hex/Ice        19%        N/A       32%         5
 Summon Mana Viper        Hex/Summ       31%        N/A       58%         5
 Enfeeble                 Hex            26%        N/A       78%         7
 Airstrike                Air            9%         2d(2-18)  80%         4
 Summon Ice Beast         Ice/Summ       15%        N/A       91%         4
 Flame Wave               Conj/Fire      14%        2d6       95%         4
 Vhi's Electric Charge    Tloc/Air       28%        N/A       95%         4
 Arcjolt                  Conj/Air       9%         1d19      98%         5
 Iskenderun's Battlesphe  Conj           19%        2d7       98%         5
 Dispel Undead            Necr           9%         3d8       99%         4
 Passage of Golubria      Tloc           9%         N/A       99%         4
 Lee's Rapid Deconstruct  Erth           7%         3d7*      99%         5
 Borgnjor's Vile Clutch   Necr/Erth      6%         N/A       100%        5
 Fireball                 Conj/Fire      7%         3d5       100%        5
 Bombard                  Conj/Erth      8%         9d2       100%        6
 Death Channel            Necr           4%         N/A       100%        6
 Dispersal                Tloc           4%         N/A       100%        6
 Plasma Beam              Fire/Air       7%         2x1d17    100%        6
 Simulacrum               Ice/Necr       7%         N/A       100%        6
 Malign Gateway           Summ/Tloc      4%         N/A       100%        7
 Monstrous Menagerie      Summ           4%         N/A       100%        7
 Ozocubu's Refrigeration  Ice            11%        4d9       100%        7
 Spellforged Servitor     Conj/Summ      7%         N/A       100%        7
 Ignition                 Fire           4%         3d4       100%        8
 Maxwell's Capacitive Co  Air            9%         ∞         100%        8
 Summon Horrible Things   Summ           4%         N/A       100%        8
 Dragon's Call            Summ           4%         N/A       100%        9
 Polar Vortex             Ice            11%        12d1*     100%        9


Dungeon Overview and Level Annotations

Branches:
Dungeon (15/15)            Temple (0/1) D:7            Lair (5/5) D:11
 Shoals (4/4) Lair:2        Snake (4/4) Lair:3        Slime (0/5) Lair:5
    Orc (2/2) D:9             Elf (2/3) Orc:2        Vaults (4/5) D:14
  Crypt (0/3) Vaults:3     Depths (4/4) D:15        Ossuary (visited)
 Bailey (visited)           IceCv (visited)          WizLab (visited)
    Zot: Depths:4

Altars:
Ashenzari
Cheibriados
Dithmenos
Fedhas
Hepliaklqana
Nemelex Xobeh
Qazlal
Sif Muna
Vehumet
Wu Jian
Xom
Zin
Jiyva

Shops:
D:10 [   D:11 [   Orc:2 (([[   Shoals:1 *   Shoals:2 *[   Snake:1 (![(
Vaults:1 !   Vaults:2 :   Vaults:3 *   Depths:4 ?

Portals:
Hell: Depths:1 Depths:2 Depths:3
Abyss: Depths:2 Depths:3
Pandemonium: Depths:2 Depths:4
Ziggurat: Depths:1

Annotations:
Elf:1 Asterion
Depths:2 tzitzi


Innate Abilities, Weirdness & Mutations

You are small and have problems with some larger weapons.
You are completely attuned to the shadows.


Message History

You are more poisoned.
Slow down, check inventory and god!
* * * LOW HITPOINT WARNING * * *
You feel extremely sick.
You feel extremely sick.
You feel very sick.
You feel very sick.
You feel very sick.
A death drake comes into view.
You feel very sick. The death drake breathes miasma at you.
The foul vapour engulfs you!
You are more poisoned.
You feel yourself slow down.
Slow down, check inventory and god!
* * * LOW HITPOINT WARNING * * *
The green draconian breathes poison at you.
The blast of poison engulfs you!
You are more poisoned.
Slow down, check inventory and god!
* * * LOW HITPOINT WARNING * * *
Things that are here:
a +0 flail; a fire dragon corpse Unknown command.
Casting: Ensorcelled Hibernation (safe; 1% risk of failure)
Confirm with . or Enter, or press ? or * to list all spells.
Aiming: Passwall (safe; 1% risk of failure)
Press: ? - help, Dir - move target A rock wall.
You are engulfed in dark miasma.
You are lethally poisoned!
Slow down, check inventory and god!
* * * LOW HITPOINT WARNING * * *
Slow down, check inventory and god!
* * * LOW HITPOINT WARNING * * *
You feel extremely sick.
The death drake changes into a shining eye!
You begin to meditate on the wall.
You continue meditating on the rock.
You are engulfed in dark miasma.
You are more poisoned.
You die...

#(### ##[.## ....
###.###...≈§
##..###..≈..≈
#.####☼.....
####d.#.....#
##.°.G°°##...#^..u.
##..###○°###.#......
#...####@###.##.....
#○...d°°°°°°........
#...)##++##u........
#...##....##.............
#..##......##............
#..#........#............
##.'........'............
#.'...∩)...'...........(
#.#........#.°○.#.......


You could see a green very ugly thing, a yellow draconian, a green draconian and
a shining eye shaped shifter.

Vanquished Creatures
  3 dread liches
  A juggernaut (Depths:4)
  Boris (Vaults:4)
  Saint Roka (Orc:2)
  Norris (Depths:2)
  A Cloud Mage (WizLab)
  Jorgrun (D:13)
  3 liches
  A deep elf blademaster (Elf:2)
  An ancient champion (Vaults:3)
  7 sphinxes
  Polyphemus (Shoals:2)
  7 tengu reavers
  2 shadow dragons
  Ilsuiw (Shoals:2)
  Kirke (Shoals:4)
  6 nagarajas (Snake:4)
  An azure jelly (IceCv)
  12 fire giants
  15 vault wardens
  A frost giant (Depths:2)
  2 deep elf sorcerers
  4 iron dragons
  2 deep elf elementalists
  20 ironbound preservers
  A reaper (Depths:4)
  20 very ugly things
  The ghost of TobyConnect the Stormcaller, an adept TeAE of Hepliaklqana (Snake:3)
  An orc warlord (Vaults:3)
  10 stone giants
  6 formless jellyfish
  7 ironbound thunderhulks
  2 war gargoyles
  3 quicksilver oozes (IceCv)
  A deep elf demonologist (Elf:2)
  9 vampire knights
  A green draconian (Depths:4)
  9 dire elephants
  2 spark wasps (WizLab)
  3 blizzard demons (WizLab)
  5 ettins
  7 merfolk impalers
  Josephine (Orc:2)
  An entropy weaver (Vaults:2)
  15 yaktaur captains
  2 merfolk javelineers
  8 vault guards
  6 great orbs of eyes
  2 spriggan zombies (Depths:3)
  A deep elf high priest (Vaults:3)
  12 fire dragons
  2 salamander tyrants
  5 ice dragons
  7 hydras
  2 rakshasas (D:15)
  4 ghost crabs (WizLab)
  A peacekeeper (Vaults:2)
  6 spriggan air magi
  2 death knights (D:14)
  10 anacondas
  2 catoblepae
  7 ironbound frosthearts
  Erica (Lair:1)
  6 centaur warriors
  3 satyrs
  2 merfolk aquamancers
  6 boulder beetles
  4 merfolk avatars
  15 naga warriors
  An alligator snapping turtle (Shoals:4)
  7 two-headed ogres
  A vampire mage (Depths:2)
  3 death yaks (Shoals:2)
  3 deep troll shamans
  26 dancing weapons
  4 deep troll earth magi
  A tengu warrior (Depths:2)
  4 naga sharpshooters
  2 orc high priests
  A sphinx skeleton (Vaults:3)
  3 spriggan berserkers
  2 sun demons (Depths:3)
  15 deep elf knights
  Urug (D:13)
  10 hell knights
  6 shock serpents
  7 iron trolls
  11 salamander mystics
  2 sixfirhies (Depths:2)
  4 skeletal warriors
  53 deep trolls
  7 skysharks
  A death drake (WizLab)
  A flayed ghost (Depths:1)
  12 sea snakes
  7 deep elf archers
  4 glowing orange brains
  5 naga ritualists
  11 arcanists
  17 ironbound convokers
  20 deep elf zephyrmancers
  3 necromancers
  Pikel (D:5)
  6 lindwurms
  22 harpies
  9 orc knights
  15 deep elf pyromancers
  An oklob plant (Lair:4)
  2 wolf spiders
  3 orc sorcerers (Orc:2)
  49 ugly things
  8 mana vipers
  A tengu skeleton (Vaults:3)
  Maurice (D:9)
  A shadow dragon skeleton (Vaults:3)
  7 elephants (Lair:2)
  11 manticores
  9 fauns
  3 guardian serpents
  8 cyclopes
  25 salamanders
  6 kobold blastminers (Orc:2)
  9 water nymphs
  2 iron dragon skeletons (Depths:1)
  A guardian serpent (shapeshifter) (D:13)
  35 black mambas
  3 ice statues (IceCv)
  2 apocalypse crabs (WizLab)
  11 merfolk sirens
  12 cane toads
  22 vault sentinels
  16 naga magi
  5 torpor snails (Lair:5)
  A gargoyle (D:12)
  A hellion (Depths:2)
  Joseph (Lair:1)
  Maggie (D:9)
  A kobold demonologist (D:11)
  22 yaktaurs
  2 rime drakes
  2 freezing wraiths (D:14)
  4 komodo dragons
  2 ice devils (Orc:1)
  An efreet (D:13)
  27 merfolk
  3 tengu conjurers
  A spriggan skeleton (Depths:1)
  8 trolls
  8 wind drakes
  4 tyrant leeches (Lair:5)
  A meliai (D:14)
  13 hornets
  A harpy skeleton (D:15)
  8 polar bears
  A tarantella (Vaults:2)
  15 blink frogs
  2 glass eyes (Depths:1)
  14 snapping turtles
  A stone giant simulacrum (Depths:1)
  2 dream sheep (Shoals:4)
  A slime creature (shapeshifter) (Elf:2)
  A meliai zombie (D:15)
  An iron dragon simulacrum (Depths:1)
  14 air elementals
  8 wraiths
  48 slime creatures
  A centaur simulacrum (D:15)
  14 wyverns
  A spriggan (Depths:1)
  A spriggan (shapeshifter) (D:15)
  An ettin skeleton (Vaults:3)
  38 yaks
  15 water elementals
  2 shadows
  2 humans (Shoals:4)
  A steam dragon (shapeshifter) (Elf:1)
  7 basilisks
  5 wargs
  5 vampire mosquitoes
  2 elf skeletons (Vaults:3)
  2 fire elementals
  A redback (Vaults:2)
  6 steam dragons
  Menkaure (D:5)
  42 nagas
  Edmund (D:5)
  2 ogre skeletons (Vaults:3)
  2 great orb of eyes simulacra (IceCv)
  25 water moccasins
  Duvessa (D:7)
  32 orc warriors
  5 sky beasts
  4 ice beasts (D:11)
  6 black bears
  A black bear (shapeshifter) (Depths:1)
  8 ogres
  13 wolves
  18 centaurs
  5 human skeletons (Vaults:3)
  4 lemures (D:5)
  The ghost of flestrin the Stinger, an amateur OpVM of Gozag (D:4)
  5 kobold brigands
  2 slime creature simulacra (IceCv)
  11 bullfrogs
  2 earth elementals (Elf:2)
  A water moccasin zombie (D:4)
  A gnoll sergeant (D:9)
  2 scorpions
  3 glowing shapeshifter simulacra (IceCv)
  8 wights
  Dowan (D:7)
  4 killer bees (D:6)
  An electric eel (Lair:1)
  2 vampire bats (Lair:5)
  3 howler monkeys
  3 lava snakes (Lair:3)
  A bullfrog skeleton (D:4)
  3 gnoll boudas
  17 orc priests
  Crazy Yiuf (D:6)
  5 hounds
  5 jellies
  4 centaur skeletons
  A sleepcap (D:5)
  8 iguanas
  36 orc wizards
  A shapeshifter simulacrum (IceCv)
  A crocodile zombie (Ossuary)
  12 mummies (Ossuary)
  17 gnolls
  8 adders
  A river rat (D:6)
  2 white imps
  4 ufetubi
  5 worms
  101 orcs
  11 ball pythons
  4 endoplasms
  4 giant cockroaches
  3 goblins
  2 hobgoblins
  2 jackals (D:3)
  3 quokkas
  9 bats
  6 frilled lizards
  A gnoll skeleton (Ossuary)
  25 kobolds
  4 kobold skeletons (Ossuary)
  An orc skeleton (Ossuary)
  9 rats
  10 spectral rats (Ossuary)
1749 creatures vanquished.

Vanquished Creatures (collateral kills)
  A balrug (Depths:3)
  A spriggan (Depths:1)
  Blork the orc (D:4)
3 creatures vanquished.

Vanquished Creatures (others)
  Nikola (Depths:2)
  A spriggan air mage (WizLab)
  A deep elf knight (Elf:2)
  An apocalypse crab (WizLab)
  An air elemental (WizLab)
  A water elemental (Elf:1)
  2 humans (Shoals:4)
  A dancing weapon (D:10)
  An orc (Orc:2)
10 creatures vanquished.

Grand Total: 1762 creatures vanquished

Notes
Turn   | Place    | Note
-------+----------+-------------------------------------------
     0 | D:1      | Shym the Kobold Enchanter began the quest for the Orb.
     0 | D:1      | Reached XP level 1. HP: 10/10 MP: 3/3
   154 | D:1      | Reached skill level 1 in Fighting
   154 | D:1      | Reached XP level 2. HP: 16/16 MP: 5/5
   168 | D:1      | Learned a level 2 spell: Ensorcelled Hibernation
   281 | D:1      | Reached XP level 3. HP: 21/21 MP: 6/6
  1910 | D:3      | Found a faded altar of an unknown god.
  2075 | D:3      | Reached XP level 4. HP: 22/27 MP: 4/7
  2232 | D:3      | Found a sparkling altar of Nemelex Xobeh.
  2512 | D:3      | Learned a level 3 spell: Confusing Touch
  3041 | D:3      | Found a radiant altar of Vehumet.
  3047 | D:3      | Found a shadowy altar of Dithmenos.
  3215 | D:4      | Found an ornate altar of the Wu Jian Council.
  3221 | D:4      | Reached XP level 5. HP: 29/32 MP: 3/8
  3222 | D:4      | Became a worshipper of the Wu Jian Council
  3462 | D:4      | Reached skill level 5 in Short Blades
  3488 | D:4      | Found a snail-covered altar of Cheibriados.
  3549 | D:4      | Noticed Blork the orc
  3586 | D:4      | Learned a level 3 spell: Tukima's Dance
  3718 | D:4      | Killed Blork the orc
  3719 | D:4      | Reached XP level 6. HP: 37/37 MP: 0/9
  4291 | D:4      | Found a transporter.
  4730 | D:4      | Found a transporter.
  4752 | D:4      | Noticed flestrin's ghost (amateur OpVM)
  4765 | D:5      | Entered Level 5 of the Dungeon
  4773 | D:5      | Noticed Menkaure
  4779 | D:5      | Killed Menkaure
  4780 | D:5      | Reached skill level 5 in Stealth
  4780 | D:5      | Reached XP level 7. HP: 24/42 MP: 6/10
  5646 | D:5      | Noticed Edmund
  6536 | D:5      | Reached skill level 5 in Fighting
  6536 | D:5      | Reached XP level 8. HP: 49/49 MP: 11/11
  6556 | D:5      | Noticed Pikel
  6701 | D:5      | Killed Edmund
  6954 | D:5      | Killed Pikel
  6955 | D:5      | Reached skill level 10 in Short Blades
  6955 | D:5      | Reached skill level 5 in Dodging
  7269 | D:5      | Reached XP level 9. HP: 49/54 MP: 3/12
  7418 | D:6      | Reached skill level 6 in Dodging
  7529 | D:6      | Reached * piety under Wu Jian
  7554 | D:6      | Found a broken altar of Ashenzari.
  8642 | D:6      | Found a runed translucent door.
  8645 | D:6      | Noticed Crazy Yiuf
  8707 | D:6      | Killed Crazy Yiuf
  8710 | D:6      | Identified the +9 hammer of Pav Her {freeze, rElec rCorr
                  | Int+3}
  8782 | D:7      | Found a staircase to the Ecumenical Temple.
  8797 | D:7      | Reached ** piety under Wu Jian
  8810 | D:7      | Noticed a troll
  8828 | D:7      | Found a sand-covered staircase.
  8835 | D:7      | Noticed Duvessa
  8837 | Ossuary  | Entered an ossuary
  9169 | Ossuary  | Reached skill level 1 in Ice Magic
  9353 | D:7      | Noticed Dowan
  9354 | D:7      | Killed Duvessa
  9355 | D:7      | Reached XP level 10. HP: 66/66 MP: 13/13
  9355 | D:7      | Killed Dowan
  9368 | D:7      | Found a stormy altar of Qazlal.
  9387 | D:7      | Reached *** piety under Wu Jian
  9921 | D:7      | Reached skill level 10 in Fighting
  9922 | D:7      | Reached skill level 5 in Hexes
 10268 | D:7      | Reached skill level 1 in Armour
 10276 | D:7      | Noticed a komodo dragon
 10276 | D:7      | Noticed a cyan ugly thing
 10276 | D:7      | Found the +13 scythe of Curses {drain, curses, ^Drain}
 11410 | D:8      | Found a flagged portal.
 11435 | Bailey   | Entered a bailey
 11443 | Bailey   | Reached XP level 11. HP: 72/72 MP: 17/17
 11605 | Bailey   | Reached **** piety under Wu Jian
 11941 | Bailey   | Noticed an orc knight
 12000 | Bailey   | Killed an orc knight
 12603 | D:8      | Reached skill level 7 in Dodging
 12985 | D:8      | Reached skill level 5 in Spellcasting
 13214 | D:9      | Noticed Maurice
 13216 | D:9      | Killed Maurice
 13217 | D:9      | Reached skill level 8 in Dodging
 13664 | D:9      | Found a staircase to the Orcish Mines.
 13769 | D:9      | Noticed Maggie
 13772 | D:9      | Killed Maggie
 13876 | D:9      | Reached skill level 9 in Dodging
 13997 | D:10     | Entered Level 10 of the Dungeon
 14052 | D:10     | Found Tily's Armour Emporium.
 14142 | D:10     | Noticed a two-headed ogre
 14154 | D:10     | Killed a two-headed ogre
 14155 | D:10     | Reached skill level 1 in Transmutations
 14221 | D:10     | Noticed a two-headed ogre
 14236 | D:10     | Killed a two-headed ogre
 14747 | D:10     | Found a shimmering altar of Xom.
 14800 | D:10     | Found a glowing silver altar of Zin.
 15100 | D:10     | Bought the +5 scale mail of Dogmatism {Regen+ Dex+5} for
                  | 697 gold pieces
 15211 | D:11     | Found a staircase to the Lair.
 15220 | D:11     | Reached skill level 5 in Armour
 15222 | D:11     | Noticed a boulder beetle
 15248 | D:11     | Killed a boulder beetle
 15249 | D:11     | Reached XP level 12. HP: 77/77 MP: 15/19
 15377 | D:11     | Noticed a two-headed ogre
 15542 | D:11     | Noticed a two-headed ogre
 15550 | D:11     | Killed a two-headed ogre
 15621 | D:11     | Found Tufasal's Armour Boutique.
 15669 | D:11     | Noticed a two-headed ogre
 15684 | D:11     | Killed a two-headed ogre
 15688 | D:11     | Learned a level 3 spell: Fugue of the Fallen
 16377 | D:11     | Killed a two-headed ogre
 16630 | D:11     | Found a portal to a secret trove of treasure.
 16664 | Trove    | Entered a treasure trove
 16671 | Trove    | Identified the +1 whip of Conversion {flame, MP+9}
 16678 | Trove    | Identified the amulet "Anuluic" {Acrobat rElec rC+ Will+
                  | rCorr}
 16690 | Trove    | Identified the +5 scale mail of the Bells {*Corrode rPois
                  | Regen+ Dex+4}
 16698 | Trove    | Identified the ring "Cas Onla" {rPois rC+ Int+3}
 17043 | Lair:1   | Entered Level 1 of the Lair of Beasts
 17091 | Lair:1   | Noticed Erica
 17094 | Lair:1   | Killed Erica
 17095 | Lair:1   | Reached skill level 10 in Dodging
 17100 | Lair:1   | Learned a level 4 spell: Cause Fear
 17368 | Lair:1   | Reached skill level 5 in Transmutations
 17985 | Lair:1   | Noticed Joseph
 17988 | Lair:1   | Killed Joseph
 18220 | Lair:2   | Noticed an eight-headed hydra
 18512 | Lair:2   | Reached XP level 13. HP: 82/82 MP: 16/22
 18597 | Lair:2   | Reached skill level 10 in Stealth
 19144 | Lair:2   | Found a staircase to the Shoals.
 19611 | Lair:2   | Killed an eight-headed hydra
 19824 | Lair:2   | Found a broken altar of Ashenzari.
 20231 | Lair:3   | Found a staircase to the Snake Pit.
 20235 | Lair:3   | Reached skill level 11 in Dodging
 20652 | Lair:3   | Reached skill level 12 in Dodging
 20652 | Lair:3   | Reached XP level 14. HP: 92/92 MP: 23/23
 21243 | Lair:4   | Reached skill level 10 in Hexes
 21492 | Lair:4   | Reached skill level 5 in Evocations
 22101 | Lair:4   | Found a blossoming altar of Fedhas.
 22345 | Lair:5   | Entered Level 5 of the Lair of Beasts
 22854 | Lair:5   | Got the Quarto of Concussion
 23627 | Lair:5   | Learned a level 1 spell: Slow
 23732 | Lair:5   | Reached XP level 15. HP: 98/98 MP: 25/25
 23756 | Lair:5   | Found a viscous altar of Jiyva.
 23771 | Lair:5   | Found a staircase to the Slime Pits.
 25087 | D:4      | Killed flestrin's ghost
 25486 | Orc:1    | Entered Level 1 of the Orcish Mines
 25572 | Orc:1    | Found a frozen archway.
 25595 | IceCv    | Entered an ice cave
 26752 | IceCv    | Noticed a quicksilver ooze
 26755 | IceCv    | Killed a quicksilver ooze
 26957 | IceCv    | Noticed a quicksilver ooze
 26960 | IceCv    | Killed a quicksilver ooze
 26977 | IceCv    | Found a viscous altar of Jiyva.
 26977 | IceCv    | Noticed an azure jelly
 26988 | IceCv    | Killed an azure jelly
 27006 | IceCv    | Noticed a quicksilver ooze
 27009 | IceCv    | Killed a quicksilver ooze
 27009 | IceCv    | Reached ***** piety under Wu Jian
 27017 | IceCv    | Identified the +0 helmet of the Abyss {rElec rC+ rN+ Int-5}
 27516 | Orc:2    | Entered Level 2 of the Orcish Mines
 27653 | Orc:2    | Noticed Josephine
 27664 | Orc:2    | Killed Josephine
 28320 | Orc:2    | Found Lucoiq's Armour Boutique.
 28513 | Orc:2    | Found a staircase to the Elven Halls.
 28547 | Orc:2    | Found Guwoosch's Antique Weapon Emporium.
 28783 | Orc:2    | Reached ****** piety under Wu Jian
 28818 | Orc:2    | Found Tydesk's Antique Armour Emporium.
 28818 | Orc:2    | Noticed Saint Roka
 28820 | Orc:2    | Found Baerghoty's Antique Weapon Shoppe.
 28828 | Orc:2    | Killed Saint Roka
 28829 | Orc:2    | Reached XP level 16. HP: 64/106 MP: 22/26
 30149 | D:13     | Noticed Urug
 30156 | D:13     | Killed Urug
 30655 | D:13     | Noticed Jorgrun
 30657 | D:13     | Killed Jorgrun
 30806 | D:13     | Found a shimmering blue altar of Sif Muna.
 30977 | D:14     | Found a gate to the Vaults.
 31862 | D:14     | Learned a level 5 spell: Yara's Violent Unravelling
 31874 | D:14     | Reached skill level 10 in Armour
 32320 | D:14     | Found a shimmering altar of Xom.
 33156 | D:15     | Entered Level 15 of the Dungeon
 33315 | D:15     | Reached skill level 1 in Shields
 33343 | D:15     | Found a hazy altar of Hepliaklqana.
 33837 | D:15     | Identified the +0 pair of gloves of the Griffon {rF+ Will+}
 34178 | D:15     | Found a staircase to the Depths.
 34318 | D:15     | Upgraded the game from 0.31-a0-1265-gaa4636e842 to
                  | 0.31-a0-1278-g11c5b68f87
 34523 | Elf:1    | Entered Level 1 of the Elven Halls
 34851 | Elf:1    | Noticed Asterion
 35421 | Elf:1    | Reached XP level 17. HP: 111/111 MP: 28/28
 35798 | Elf:1    | Reached skill level 5 in Shields
 37935 | Elf:2    | Found a huge runed translucent gate.
 37935 | Elf:2    | Found a huge runed translucent gate.
 37935 | Elf:2    | Found a huge runed translucent gate.
 37935 | Elf:2    | Found a huge runed translucent gate.
 37935 | Elf:2    | Found a huge runed translucent gate.
 38525 | Elf:2    | Reached skill level 15 in Fighting
 38996 | Elf:2    | Noticed a deep elf blademaster
 39073 | Elf:2    | Killed a deep elf blademaster
 39074 | Elf:2    | Reached XP level 18. HP: 106/119 MP: 30/30
 40289 | Snake:1  | Entered Level 1 of the Snake Pit
 40626 | Snake:1  | Found Pucvijin's Weapon Boutique.
 40672 | Snake:1  | Found Hikustrah's Armour Boutique.
 40672 | Snake:1  | Found Adduka's Distillery.
 40675 | Snake:1  | Found Kivogus's Weapon Shop.
 41074 | Snake:2  | Found a flickering gateway to a bazaar.
 41106 | Bazaar   | Entered a bazaar
 41128 | Bazaar   | Found Picwapy's Jewellery Shoppe.
 41144 | Bazaar   | Found Adedes's Antique Armour Emporium.
 41173 | Bazaar   | Found Ahunys's General Store.
 41173 | Bazaar   | Found Dypno's Antique Armour Shoppe.
 41222 | Bazaar   | Bought a scroll of vulnerability for 44 gold pieces
 41222 | Bazaar   | Bought 2 potions of enlightenment for 110 gold pieces
 41222 | Bazaar   | Bought a +2 pair of boots of stealth for 236 gold pieces
 41222 | Bazaar   | Bought a scroll of revelation for 82 gold pieces
 41274 | Bazaar   | Bought a glowing scarf for 184 gold pieces
 41290 | Bazaar   | Bought the ring "Qeifuck" {rElec rF+ rC+} for 322 gold
                  | pieces
 41472 | Snake:2  | Reached skill level 10 in Transmutations
 42389 | Snake:3  | Found a runed translucent gate.
 42618 | Snake:3  | Found a shimmering altar of Xom.
 42745 | Snake:3  | Found a runed translucent gate.
 42745 | Snake:3  | Noticed TobyConnect's ghost (adept TeAE)
 42921 | Snake:3  | Found a runed translucent gate.
 42964 | Snake:3  | Reached skill level 10 in Shields
 42987 | Snake:3  | Reached skill level 10 in Spellcasting
 43485 | Snake:3  | Killed TobyConnect's ghost
 43486 | Snake:3  | Reached XP level 19. HP: 124/124 MP: 33/33
 43515 | Snake:4  | Entered Level 4 of the Snake Pit
 45612 | Snake:4  | Reached skill level 13 in Dodging
 45834 | Snake:4  | Learned a level 2 spell: Jinxbite
 46090 | Snake:4  | Got a serpentine rune of Zot
 46453 | Shoals:1 | Entered Level 1 of the Shoals
 46649 | Shoals:1 | Found Katalugg's Overcharged Wands.
 46671 | Shoals:1 | Reached skill level 10 in Evocations
 47801 | Shoals:2 | Noticed Ilsuiw
 47804 | Shoals:2 | Killed Ilsuiw
 47824 | Shoals:2 | Found Yrchuc's Magic Scroll Shop.
 47827 | Shoals:2 | Bought a scroll of identify for 26 gold pieces
 47827 | Shoals:2 | Bought a scroll of identify for 26 gold pieces
 47836 | Shoals:2 | Bought a scroll of fog for 52 gold pieces
 47836 | Shoals:2 | Bought a scroll of fog for 52 gold pieces
 47923 | Shoals:2 | Found Lixkott Fuih's General Store.
 47924 | Shoals:2 | Noticed Polyphemus
 47932 | Shoals:2 | Killed Polyphemus
 47947 | Shoals:2 | Reached skill level 14 in Dodging
 48116 | Shoals:2 | Found Anergh's Armour Emporium.
 48358 | Shoals:2 | Identified a scroll of acquirement
 48363 | Shoals:2 | Acquired 380 gold pieces
 48564 | Shoals:2 | Reached XP level 20. HP: 129/129 MP: 34/34
 49150 | Shoals:3 | Reached skill level 15 in Dodging
 49286 | Shoals:3 | Found a runed translucent door.
 49888 | Shoals:3 | Identified the +5 trident of the Reaper {pain, rElec Int-3
                  | Dex+4}
 50013 | Shoals:4 | Entered Level 4 of the Shoals
 50143 | Shoals:4 | Noticed Kirke
 50151 | Shoals:4 | Killed Kirke
 50860 | Shoals:4 | Reached skill level 16 in Dodging
 51149 | Shoals:4 | Identified the staff of the Original Sin {rElec Str+2
                  | Stlth+ Air}
 51599 | Shoals:4 | Got a barnacled rune of Zot
 51700 | Shoals:2 | Bought a potion of invisibility for 112 gold pieces
 51700 | Shoals:2 | Bought a potion of curing for 42 gold pieces
 51750 | Shoals:2 | Bought a scroll of poison for 52 gold pieces
 51750 | Shoals:2 | Bought a scroll of poison for 52 gold pieces
 51960 | Vaults:1 | Entered Level 1 of the Vaults
 52068 | Vaults:1 | Found Meh Ytil's Distillery.
 52127 | Vaults:1 | Found a magical portal.
 52157 | WizLab   | Entered The Chambers of the Cloud Mage
 52167 | WizLab   | Paralysed by an air elemental for 1 turns
 52177 | WizLab   | Paralysed by an air elemental for 1 turns
 52300 | WizLab   | Paralysed by an air elemental for 1 turns
 52875 | WizLab   | Noticed Plog
 52885 | WizLab   | Killed Plog the Cloud Mage
 52955 | WizLab   | Got the Guidebook on Vapour
 52958 | WizLab   | Identified the ring "Fetyitaj" {rElec EV+5 Dex+5}
 53066 | Vaults:1 | Learned a level 2 spell: Passwall
 53114 | Vaults:1 | Upgraded the game from 0.31-a0-1278-g11c5b68f87 to
                  | 0.31-a0-1300-gb6740aa4e6
 53192 | Vaults:1 | Reached skill level 1 in Earth Magic
 53192 | Vaults:1 | Reached XP level 21. HP: 98/134 MP: 35/35
 53546 | Vaults:1 | Paralysed by a formless jellyfish for 1 turns
 54848 | Vaults:2 | Reached skill level 17 in Dodging
 55324 | Vaults:2 | Identified the +6 orcbow of Sudden Death {flame, *Slow rF+
                  | Int+3}
 55540 | Vaults:2 | Identified the +2 robe of the Swan {rElec}
 55553 | Vaults:2 | Found a radiant altar of Vehumet.
 55565 | Vaults:2 | Reached skill level 18 in Dodging
 55578 | Vaults:2 | Identified the +2 hat of a Billion Nightmares {MP+9}
 55599 | Vaults:2 | Identified the +0 robe "Zecval" {rCorr Str+6 Dex-5}
 55812 | Vaults:2 | Reached XP level 22. HP: 140/140 MP: 36/36
 56225 | Vaults:2 | You fall into a shaft and drop 2 floors!
 56469 | Vaults:4 | Noticed Boris
 56924 | Vaults:2 | Found Aguffou's Book Boutique.
 57009 | Vaults:2 | Reached skill level 15 in Transmutations
 57009 | Vaults:2 | Upgraded the game from 0.31-a0-1300-gb6740aa4e6 to
                  | 0.31-a0-1336-g7fd7ca34b5
 57011 | Vaults:2 | Upgraded the game from 0.31-a0-1336-g7fd7ca34b5 to
                  | 0.31-a0-1352-gc98d92de7d
 57017 | Vaults:2 | Learned a level 5 spell: Alistair's Intoxication
 57018 | Vaults:2 | Bought a Young Poisoner's Handbook for 360 gold pieces
 57023 | Vaults:2 | Learned a level 4 spell: Olgreb's Toxic Radiance
 57438 | Vaults:3 | Reached skill level 19 in Dodging
 57751 | Vaults:3 | Found a staircase to the Crypt.
 58091 | Vaults:3 | Found Suhisk's Assorted Antiques.
 58468 | Vaults:3 | Reached skill level 20 in Dodging
 59509 | Vaults:4 | Reached XP level 23. HP: 140/147 MP: 37/37
 60001 | Vaults:4 | Killed Boris
 60769 | Vaults:4 | Noticed a dread lich
 60784 | Vaults:4 | Killed a dread lich
 61653 | Depths:1 | Entered Level 1 of the Depths
 61863 | Depths:1 | Found a one-way gateway to a ziggurat.
 61863 | Depths:1 | Found a gateway to Hell.
 63138 | Depths:1 | Found a transporter.
 63497 | Depths:2 | Noticed Norris
 63537 | Depths:2 | Killed Norris
 63552 | Depths:2 | Reached skill level 15 in Alchemy
 63979 | Depths:2 | Reached XP level 24. HP: 154/156 MP: 37/37
 64350 | Depths:2 | Found a one-way gate leading to the halls of Pandemonium.
 64429 | Depths:2 | Noticed Nikola
 64431 | Depths:2 | Killed Nikola
 66188 | Depths:2 | Found a one-way gate to the infinite horrors of the Abyss.
 66498 | Depths:2 | Learned a level 6 spell: Eringya's Noxious Bog
 66691 | Depths:3 | Reached skill level 1 in Conjurations
 66691 | Depths:3 | Reached skill level 1 in Air Magic
 66982 | Depths:3 | Learned a level 3 spell: Mephitic Cloud
 67525 | Depths:3 | Noticed a dread lich
 68487 | Depths:3 | Killed a dread lich
 68585 | Depths:3 | Noticed a dread lich
 68643 | Depths:3 | Killed a dread lich
 69103 | Depths:3 | HP: 6/153 [burnt (5)]
 69106 | Depths:3 | HP: 1/153 [balrug/divine providence (10)]
 69491 | Depths:4 | Entered Level 4 of the Depths
 69585 | Depths:4 | Found Xukh's Magic Scroll Shoppe.
 69612 | Depths:4 | Noticed a juggernaut
 69652 | Depths:4 | Killed a juggernaut
 69712 | Depths:4 | HP: 8/160 [poisoned by a death drake (dark miasma)]
 69713 | Depths:4 | Engulfed by a shining eye (glowing shapeshifter)'s foul
                  | pestilence

Illustrated notes

Levels and vault maps discovered:
D:1:      reono_arrival_mine, layout_loops_ring, serial_forest,
          infiniplex_forest_clump_diagonal, infiniplex_forest_end_double,
          infiniplex_forest_side_room, infiniplex_forest_lined_corner,
          infiniplex_forest_zigzag_1, infiniplex_forest_clump_large,
          infiniplex_forest_lined_ring, infiniplex_forest_end_2
D:2:      layout_basic, minmay_three_crescents
D:3:      layout_loops_corners, mainiacjoe_overflow_six_doors_small,
          amethyst_overflow_temple_binary, nicolae_ecumenical_pavilion
D:4:      layout_layer_cave, cheibriados_altar_1,
          nicolae_wu_jian_immortal_techniques, gammafunk_ghost_mausoleum,
          uniq_blork_the_orc
D:5:      layout_basic, uniq_menkaure, uniq_pikel, uniq_edmund
D:6:      layout_rooms, amcnicky_altar_gilded, lightli_sewer_entry_pipes,
          uniq_crazy_yiuf_cottage
D:7:      minmay_chambers_of_sevens, layout_basic, mainiacjoe_overflow_alcove_4,
          minmay_temple_entry_mist, nicolae_ossuary_entry_ruins, uniq_duvessa
D:8:      layout_loops_ring, enter_bailey_2
D:9:      layout_roguey, orc_0_dummy, uniq_maggie, uniq_maurice
D:10:     layout_basic, lemuel_crystal_altar, kennysheep_little_box,
          serial_shops, shop
D:11:     layout_layer_cave, hellmonk_lair_entry_icy, serial_shops,
          nicolae_shop_trees, trove_entry_hex_spiral
D:12:     layout_gridville
D:13:     layout_stronghold, lemuel_blue_sif_altar, uniq_urug, uniq_jorgrun
D:14:     layout_grid_maze, lightli_vaults_fourway_checkpoint,
          infiniplex_staircase_zigzag_1, xom_teletrap_fun
D:15:     grunt_enter_depths_magical_seal, layout_irregular_city,
          minmay_misc_feat_chi, nicolae_hepliaklqana_hazy_memory
Lair:1:   layout_cave_pods, infiniplex_staircase_pool, lemuel_fruit_fields,
          uniq_joseph, uniq_erica
Lair:2:   beast_lair_carwin_large_1, layout_chaotic_city,
          mainiacjoe_shoals_entry_four_pools, lemuel_centaur_altar
Lair:3:   layout_chaotic_city, nicolae_snake_entry_warm_welcome,
          serial_bayou_pond_d
Lair:4:   layout_long_grid, serial_rivers, chequers_serial_rivers_micro_a,
          chequers_serial_rivers_marsh, chequers_serial_rivers_micro_a,
          chequers_serial_rivers_marsh, chequers_serial_rivers_room_b,
          chequers_serial_rivers_small_a, tgw_fedhas,
          infiniplex_staircase_pool_2
Lair:5:   hangedman_lair_tendril_chambers, layout_long_grid, wormcave,
          nicolae_slime_entry_field_trip, roderic_batcave
Shoals:1: layout_shoals, nicolae_shop_overcharged_wands
Shoals:2: layout_shoals, serial_shops, shop, nicolae_shop_rolled_up, shop,
          nicolae_shoals_shepherds, uniq_ilsuiw, uniq_polyphemus
Shoals:3: layout_shoals, lightli_airlock
Shoals:4: shoals_end_hangedman, layout_shoals, nicolae_shoals_elemental_ambush,
          uniq_kirke
Snake:1:  layout_misc_corridors, serial_bayou_crossing, minmay_shoptagon
Snake:2:  layout_cave_town, serial_shops, bzr_entry_road, grunt_megastairs_2
Snake:3:  layout_misc_corridors, ebering_ghost_rock_garden, basic_altar,
          nicolae_snake_salamander_fort
Snake:4:  minmay_snake_end_coiled, layout_cave_town, drop_trap,
          grunt_ministairs_4, serial_bayou_shore_a
Orc:1:    layout_caves, portal_ice_cave_demonic_guard
Orc:2:    grunt_orc_community_town_hall, layout_caves,
          grunt_orc_community_big_house_1, grunt_orc_community_big_house_2,
          grunt_orc_community_house_3, grunt_orc_community_house_1,
          grunt_orc_community_house_2, grunt_orc_community_house_2,
          grunt_orc_community_house_2, mines4_lemuel, uniq_josephine
Elf:1:    nicolae_elf_arrival_aired_out, layout_onion_city, minivault_28,
          uniq_asterion
Elf:2:    elven_hall_of_blades_hangedman_alternative
          [nicolae_blade_entry_antechamber], layout_gridlike, minmay_librarian
Vaults:1: lightli_enter_wizlab_magi_temple, nicolae_vaults_whirlpool_walls,
          nicolae_vaults_spaceships, vaults_room_grunt_arrival_ludios,
          nicolae_vaults_closet_pinwheel_6, vaults_mumra_minichess_inversion,
          nicolae_vaults_network_quinsquares
          [nicolae_vaults_network_quincunx_subvault,
          nicolae_vaults_network_quincunx_subvault,
          nicolae_vaults_network_quincunx_subvault,
          nicolae_vaults_network_quincunx_subvault], hangedman_vaults_pinch,
          hangedman_vaults_corner_blocks, grunt_vaults_hallway_short, v_misc_14,
          nicolae_vaults_tetromino_T_1, vaults_dpeg_encased_lava,
          layout_vaults_ring, serial_shops, nicolae_shop_industrial_runoff
Vaults:2: grunt_tower_of_power, nicolae_vaults_windows_and_doors_thing,
          grunt_vaults_twisty, v_misc_23, nicolae_vaults_tangram_2,
          nicolae_vaults_more_shelving_1, v_rooms_3,
          nicolae_vaults_trapezoid_lopsided_1, v_alt_pattern_1,
          nicolae_vaults_house_1, v_rooms_1, nicolae_vaults_trapezoid_2,
          layout_vaults_omnibox, serial_shops, nicolae_book_shop_shelving
Vaults:3: v_misc_31, nicolae_vaults_storage_closets_3,
          minmay_crypt_entry_skeletal_spiral, nicolae_vaults_meiosis,
          nicolae_vaults_diagonal_hallway_8, nicolae_vaults_little_squares_2,
          nicolae_vaults_double_plus_3, nicolae_vaults_hexular_roomagon,
          nicolae_vaults_halls_meeting, nicolae_vaults_storage_closets_2,
          nicolae_vaults_trapezoid_lopsided_1, nicolae_vaults_house_1,
          layout_vaults_big_cross, serial_shops, shop_statue
Vaults:4: v_misc_27, v_misc_17, nicolae_vaults_sightless_eye,
          vaults_room_hallway, v_pattern_5, st_diamondy,
          dpeg_vaults_monster_row, nicolae_vaults_alarming, grunt_vaults_focal,
          ontoclasm_vaults_chip, vaults_room_pool, layout_vaults_chaotic_city,
          uniq_boris, uniq_saint_roka
Depths:1: layout_basic, enter_ziggurat_e, hell_entry, amcnicky_mini_pool_small,
          minmay_misc_feat_nine_boxes, grunt_decor_clamped,
          kennysheep_crisscross, minmay_fountain_box, library_closet,
          minmay_misc_feat_tiny, minmay_misc_feat_hallway, nicolae_diode_basic,
          serial_bayou_shore_b
Depths:2: cheibrodos_tormentor_scu, layout_gridville,
          abyss_entry_small_statue_room, grunt_pan_entry_spiral, hell_entry,
          uniq_norris, uniq_josephina, uniq_nikola
Depths:3: regret_index_infernal_bastille, layout_gridlike,
          nicolae_twisting_strands, lightli_too_deep, abyss_entry
Depths:4: grunt_twist_and_shout, layout_cave_pools, grunt_hell_entry_dis_old,
          gammafunk_ghost_smash, rand_demon_pan_entry_5, minmay_misc_feat_roman,
          serial_shops, shop_coins, grunt_decor_resistance, uniq_vv

Skill      XL: |  1  2  3  4  5  6  7  8  9 10 11 12 13 14 15 16 17 18 19 20 21 22 23 24 |
---------------+-------------------------------------------------------------------------+-----
Fighting       | 1 2 3 5 9 10 12 13 14 15 16 17 19 | 19.2
Short Blades   | 2 3 4 6 7 8 10 11 14 | 14.0
Stealth        | 5 6 9 10 11 12 14 | 14.0
Dodging        | 5 6 9 10 12 14 16 18 20 | 20.0
Ice Magic      | 1 2 4 |  4.0
Hexes          | 5 7 8 10 12 13 14 | 14.0
Evocations     | 4 6 10 11 12 | 12.0
Spellcasting   | 4 5 6 7 8 10 11 | 11.9
Armour         | 4 5 6 8 9 10 11 12 | 12.0
Transmutations | 3 5 6 8 10 11 12 15 |  0.0
Shields        | 4 7 10 11 12 | 12.0
Earth Magic    | 1 2 |  2.0
Alchemy        | 13 15 16 | 16.0
Conjurations   | 3 |  3.0
Air Magic      | 3 |  3.0

Action                     |  1- 3 |  4- 6 |  7- 9 | 10-12 | 13-15 | 16-18 | 19-21 | 22-24 || total
---------------------------+-------+-------+-------+-------+-------+-------+-------+-------++-------
  Melee: Dagger            |    81 |    84 |   487 |   675 |   344 |       |       |       ||  1671
         Punch             |     1 |       |    12 |    11 |    24 |     8 |       |       ||    56
         Rapier            |       |       |       |       |  1014 |   827 |    11 |       ||  1852
         Quick blade       |       |       |       |       |       |   658 |  3924 |  5131 ||  9713
  Throw: Throwing net      |       |       |       |       |       |     1 |       |       ||     1
   Cast: Ensorcelled Hiber |     5 |    17 |    64 |    26 |    36 |       |       |    28 ||   176
         Tukima's Dance    |       |     1 |     2 |     7 |       |       |       |       ||    10
         Confusing Touch   |       |     1 |    11 |    24 |    34 |     8 |     2 |    18 ||    98
         Fugue of the Fall |       |       |       |       |    16 |    37 |    47 |     1 ||   101
         Cause Fear        |       |       |       |       |       |       |     2 |     1 ||     3
         Yara's Violent Un |       |       |       |       |       |       |     1 |     1 ||     2
         Jinxbite          |       |       |       |       |       |       |     1 |     2 ||     3
         Olgreb's Toxic Ra |       |       |       |       |       |       |       |     9 ||     9
         Alistair's Intoxi |       |       |       |       |       |       |       |     8 ||     8
         Passwall          |       |       |       |       |       |       |       |     6 ||     6
         Mephitic Cloud    |       |       |       |       |       |       |       |     1 ||     1
         Eringya's Noxious |       |       |       |       |       |       |       |     1 ||     1
 Invoke: Serpent's Lash    |       |       |       |     4 |     5 |     3 |     2 |     4 ||    18
Ability: Lunge             |       |    11 |    46 |    86 |   163 |   146 |   186 |   123 ||   761
         Whirlwind         |       |       |    12 |    28 |   140 |    83 |   220 |   159 ||   642
         Wall Jump         |       |       |       |     7 |     4 |    24 |    41 |   127 ||   203
  Evoke: Wand              |       |       |       |     1 |     8 |       |     2 |     1 ||    12
         Phial of floods   |       |       |       |       |       |       |       |     1 ||     1
    Use: Scroll            |       |       |     5 |     9 |    12 |    13 |     6 |     1 ||    46
         Potion            |       |       |       |       |       |       |     4 |     4 ||     8
   Stab: Sleeping          |    19 |    20 |    49 |    66 |   101 |    64 |    61 |    93 ||   473
         Distracted        |       |     1 |     3 |     5 |     9 |    19 |     9 |     9 ||    55
         Confused          |       |     1 |     8 |    25 |    32 |     7 |     3 |    29 ||   105
         Petrified         |       |       |       |       |       |       |     1 |       ||     1
         Fleeing           |       |       |       |       |       |       |       |     1 ||     1
 Armour: Robe              |    44 |    25 |   160 |    18 |       |       |       |       ||   247
         Troll leather arm |       |       |       |    91 |       |       |       |       ||    91
         Swamp dragon scal |       |       |       |     9 |       |       |       |       ||     9
         Scale mail        |       |       |       |    74 |   410 |   374 |   523 |   471 ||  1852
  Dodge: Dodged            |    64 |    36 |   347 |   335 |   746 |   465 |  1124 |  1601 ||  4718
         Repelled          |       |       |     2 |     1 |       |       |     6 |       ||     9
  Block: Kite shield       |       |       |       |       |       |   348 |  1056 |  1388 ||  2792

Table legend: (Time is in decaauts)
 A = Elapsed time spent in this place.
 B = Non-inter-level travel time spent in this place.
 C = Inter-level travel time spent in this place.
 D = Time resting spent in this place.
 E = Time spent auto-exploring this place.
 F = Levels seen in this place.
 G = Mean time per level.
                   A        B        C        D        E       F      G
               +--------+--------+--------+--------+--------+-----+--------+
         Total |  67826 |  63732 |   4094 |  14464 |  27558 |  46 | 1474.5 |
       Dungeon |  21946 |  19846 |   2100 |   4470 |  10828 |  15 | 1463.1 |
          Lair |   7345 |   6633 |    712 |    584 |   4351 |   5 | 1469.0 |
        Shoals |   5267 |   5014 |    253 |    414 |   3136 |   4 | 1316.8 |
     Snake Pit |   5671 |   5424 |    247 |   1362 |   1992 |   4 | 1417.8 |
  Orcish Mines |   2031 |   1875 |    156 |    139 |   1151 |   2 | 1015.5 |
   Elven Halls |   5248 |   5201 |     47 |   1574 |    218 |   2 | 2624.0 |
        Vaults |   8351 |   8023 |    328 |   1306 |   2841 |   4 | 2087.8 |
        Depths |   7746 |   7499 |    247 |   2562 |   2620 |   4 | 1936.5 |
        Bazaar |    278 |    278 |      0 |      0 |     83 |   1 |  278.0 |
         Trove |     66 |     66 |      0 |      0 |      0 |   1 |   66.0 |
       Ossuary |    456 |    456 |      0 |    108 |     59 |   1 |  456.0 |
        Bailey |   1038 |   1038 |      0 |    613 |     92 |   1 | 1038.0 |
      Ice Cave |   1501 |   1501 |      0 |   1139 |     63 |   1 | 1501.0 |
        Wizlab |    875 |    875 |      0 |    193 |    122 |   1 |  875.0 |
               +--------+--------+--------+--------+--------+-----+--------+

Top non-repeatable levels by time:
Vaults:4: 3210 daAuts
Depths:2: 3048 daAuts
Depths:3: 2828 daAuts
   Elf:1: 2798 daAuts
 Snake:4: 2539 daAuts
   Elf:2: 2450 daAuts
     D:5: 2177 daAuts
     D:4: 2158 daAuts
     D:7: 2079 daAuts
  Lair:5: 1948 daAuts
    D:11: 1934 daAuts
Vaults:1: 1759 daAuts
Vaults:3: 1750 daAuts
  Lair:2: 1683 daAuts
    D:13: 1675 daAuts
